 Dungeon Crawl Stone Soup version 0.20.1-1-g8b1a95d (webtiles) character file.

204 MJtheKandyman the Shooter (level 5, -1/40 HPs)
             Began as a Centaur Arcane Marksman on Dec 28, 2017.
             Slain by a phantom (4 damage)
             ... on level 5 of the Dungeon.
             The game lasted 00:10:06 (4409 turns).

MJtheKandyman the Shooter (Centaur Arcane Marksman) Turns: 4409, Time: 00:10:07

Health: -1/40      AC:  4    Str: 12    XL:     5   Next: 52%
Magic:  6/6        EV: 10    Int: 12    God:
Gold:   140        SH:  0    Dex: 11    Spells: 5/6 levels left

rFire    . . .     SeeInvis .   q - +0 spear
rCold    . . .     Gourm    .   (no shield)
rNeg     . . .     Faith    .   e - +0 robe
rPois    .         Spirit   .   (no helmet)
rElec    .         Reflect  .   (no cloak)
rCorr    .         Harm     .   (no gloves)
MR       .....                  (no barding)
Stlth    +.........             (no amulet)
Regen    0.2/turn               (no ring)
MPRegen  0.1/turn               (no ring)

@: very quick
A: hooves 3, deformed body, speed 2, tough skin 3
a: no special abilities


You were on level 5 of the Dungeon.
You were not hungry.

You visited 1 branch of the dungeon, and saw 5 of its levels.

You collected 140 gold pieces.

Inventory:

Hand Weapons
 a - a +0 shortbow
 b - a +0 dagger
 l - a +0 short sword
 q - a +0 spear (weapon)
Missiles
 d - 57 arrows
 i - 96 stones (quivered)
Armour
 e - a +0 robe (worn)
 t - a +0 leather armour
 C - the +2 leather armour of Salix {rPois rCorr, unknown}
   (You found it on level 5 of the Dungeon)

   It protects you from poison.
   It protects you from acid and corrosion.
Jewellery
 A - an uncursed amulet of harm {unknown}
Wands
 y - a wand of iceblast (10/15)
Scrolls
 h - 3 scrolls of remove curse {unknown}
 j - 2 scrolls of teleportation {unknown}
 m - 3 scrolls of identify {unknown}
 o - 4 scrolls of enchant weapon {unknown}
 p - 2 scrolls of enchant armour {unknown}
 w - a scroll of random uselessness {unknown}
 x - a scroll of fear {unknown}
 B - a scroll of magic mapping {unknown}
Potions
 n - 2 potions of curing {unknown}
 r - a potion of haste {unknown}
 s - a potion of heal wounds {unknown}
 v - 2 potions of might {unknown}
 z - a potion of cancellation {unknown}
Books
 c - a book of Debilitation

   Spells                             Type                      Level
   a - Corona                         Hexes                        1
   b - Slow                           Hexes                        2
   c - Inner Flame                    Hexes/Fire                   3
   d - Portal Projectile              Hexes/Translocation          3
   e - Cause Fear                     Hexes                        4
   f - Leda's Liquefaction            Hexes/Earth                  4
Comestibles
 f - a bread ration
 g - 2 meat rations
 k - 2 fruits
 u - 3 royal jellies
 D - a chunk of flesh


   Skills:
 - Level 1.0 Fighting
 - Level 0.1 Short Blades
 + Level 2.0 Polearms
 + Level 6.8 Bows
 - Level 1.4 Dodging
 - Level 1.0 Spellcasting
 - Level 2.7 Hexes


You had 5 spell levels left.
You knew the following spells:

 Your Spells              Type           Power        Failure   Level  Hunger
a - Corona                Hex            #......      10%         1    ##.....


Dungeon Overview and Level Annotations

Branches:
Dungeon (5/15)
 Temple: D:4-7

Altars:
Elyvilon
Qazlal
Vehumet
Yredelemnul

Annotations:
D:5 Eustachio


Innate Abilities, Weirdness & Mutations

You have hooves in place of feet.
Armour fits poorly on your strangely shaped body.
You cover ground very quickly.
You have extremely tough skin. (AC +3)


Message History

You are too injured to fight recklessly!
You are too injured to fight recklessly!
You are too injured to fight recklessly!
You are too injured to fight recklessly!
You hit the phantom.
The phantom is moderately damaged.
The phantom hits you.
The phantom blinks!
The phantom hits you.
* * * LOW HITPOINT WARNING * * *
You hit the phantom.
The phantom is moderately damaged.
The phantom misses you.
You hit the phantom but do no damage.
The phantom is moderately damaged.
The phantom hits you!
* * * LOW HITPOINT WARNING * * *
You miss the phantom.
The phantom is moderately damaged.
The phantom hits you.
You die...

#... ... .. .. .
.#. # # #.. .#
#.##.####.####
#...>.........
#.##..@W..#.##
#.##..(...#
#....#....#.
####..........
#...####...
###.#.######.
#....(.....
###.#....###
#.####.#..........


You could see a phantom.

Vanquished Creatures
  A howler monkey (D:4)
  A centaur skeleton (D:4)
  7 adders
  An adder skeleton (D:4)
  A worm (D:2)
  A dart slug (D:3)
  2 leopard geckos (D:1)
  2 orcs (D:3)
  2 giant cockroaches
  7 goblins
  3 hobgoblins
  7 jackals
  3 ball pythons
  7 bats
  5 frilled lizards
  10 kobolds
  10 rats
70 creatures vanquished.

Notes
Turn   | Place    | Note
-------+----------+-------------------------------------------
     0 | D:1      | MJtheKandyman the Centaur Arcane Marksman began the quest for the Orb.
     0 | D:1      | Reached XP level 1. HP: 16/16 MP: 2/2
   216 | D:1      | Reached skill level 3 in Bows
   529 | D:1      | Reached XP level 2. HP: 17/23 MP: 3/3
   683 | D:1      | Reached skill level 4 in Bows
  1335 | D:2      | Reached XP level 3. HP: 16/28 MP: 4/4
  1710 | D:2      | Reached skill level 5 in Bows
  2195 | D:2      | Reached XP level 4. HP: 34/35 MP: 5/5
  2795 | D:3      | Reached skill level 6 in Bows
  3314 | D:3      | Found a white marble altar of Elyvilon.
  3564 | D:4      | Reached skill level 1 in Polearms
  3564 | D:4      | Reached XP level 5. HP: 28/40 MP: 6/6
  3941 | D:4      | Found a faded altar of an unknown god.
  3941 | D:4      | Found a radiant altar of Vehumet.
  3947 | D:4      | Found a faded altar of an unknown god.
  3949 | D:4      | Found a basalt altar of Yredelemnul.
  3951 | D:4      | Found a stormy altar of Qazlal.
  4256 | D:5      | Entered Level 5 of the Dungeon
  4256 | D:5      | Noticed Eustachio
  4355 | D:5      | Noticed a phantom
  4365 | D:5      | Got a faintly glowing leather armour
  4408 | D:5      | HP: 2/40 [phantom (8)]
  4409 | D:5      | Slain by a phantom

Skill      XL: |  1  2  3  4  5 |
---------------+----------------+-----
Bows           | 3 4 5 6 |  6.8
Polearms       | 1 2 |  2.0
Fighting       | |  1.0
Short Blades   | |  0.1
Dodging        | |  1.4
Spellcasting   | |  1.0
Hexes          | |  2.7

Action                   |  1- 3 |  4- 6 || total
-------------------------+-------+-------++-------
Melee: Dagger            |    59 |       ||    59
       Kick              |    11 |    18 ||    29
       Spear             |       |   106 ||   106
 Fire: Shortbow          |   106 |    44 ||   150
  Eat: Chunk             |     3 |     5 ||     8
Armor: Robe              |    35 |    29 ||    64
Dodge: Dodged            |    91 |    49 ||   140
